 Dungeon Crawl Stone Soup version 0.31-a0-981-geadf994542 (webtiles) character file.

Game seed: 13792796368310524951

36 sammy202020 the Ruffian (level 3, 0/40 HPs)
             Began as a Demonspawn Shapeshifter on Nov 1, 2023.
             Slain by a frilled lizard (1 damage)
             ... on level 2 of the Dungeon.
             The game lasted 00:01:26 (1144 turns).

sammy202020 the Ruffian (Demonspawn Shapeshifter)   Turns: 1144, Time: 00:01:26

Health: 0/40       AC: 21    Str: 20    XL:     3   Next: 19%
Magic:  3/3        EV:  2    Int:  8    God:
Gold:   26         SH:  0    Dex: 11    Spells: 2/2 levels left

rFire   . .          .
                       - Unarmed
rCold   . . .        (no shield)
rNeg    . . .        h - melded +0 leather armour
rPois   +            (helmet currently unavailable)
rElec   .            (cloak currently unavailable)
rCorr   .            (gloves currently unavailable)
SInv    .            (boots currently unavailable)
Will    .....        (no amulet)
Stlth   +            (no ring)
HPRegen 0.26/turn    (no ring)
MPRegen 0.08/turn

%: no passive effects
@: lethally poisoned (0 -> -2), tree-form
A: stationary, stasis, torment immunity, boosted hp, foul stench 1, (spiny 1),
dopey 1, strong 1
a: no special abilities


You were on level 2 of the Dungeon.
You were a tree.
You visited 1 branch of the dungeon, and saw 2 of its levels.

You collected 26 gold pieces.

Inventory:

Armour
 h - a +0 leather armour (melded)
Talismans
 c - a beast talisman
 d - a flux talisman


   Skills:
 * Level 1.7 Fighting
 + Level 0.9 Armour
 + Level 2.0 Dodging
 * Level 3.1 Unarmed Combat
 + Level 2.8 Shapeshifting


You had 2 spell levels left.
You didn't know any spells.
Your spell library contained the following spells:

 Spells                   Type           Power      Damage    Failure   Level
 Tukima's Dance           Hex            0%         N/A       78%         3
 Dimensional Bullseye     Hex/Tloc       0%         N/A       99%         4
 Iskenderun's Mystic Bla  Conj/Tloc      0%         2d3       99%         4


Dungeon Overview and Level Annotations

Branches:
Dungeon (2/15)

Altars:

Shops:
D:1 !


Innate Abilities, Weirdness & Mutations

You are a tree.
Your roots penetrate the ground, keeping you stationary.
You cannot be teleported.
You are immune to unholy pain and torment.
Your maximum health is greatly increased.
Your equipment is partially melded.
You may rarely emit foul miasma when damaged in melee.
((You are partially covered in sharp spines.))
You are dopey. (Int -2)
Your muscles are strong. (Str +4, Int/Dex -1)


Message History

Your roots penetrate the ground.
* * * LOW HITPOINT WARNING * * *
You feel sick. The adder bites you but does no damage.
The frilled lizard bites you but does no damage.
The rat bites you but does no damage. The adder barely misses you.
You smack the adder!
The adder is almost dead.
* * * LOW HITPOINT WARNING * * *
You feel sick.
The frilled lizard bites you but does no damage.
The rat bites you but does no damage. The adder bites you but does no damage.
You miss the adder.
The adder is almost dead.
* * * LOW HITPOINT WARNING * * *
You feel sick. The rat bites you but does no damage.
The frilled lizard bites you but does no damage.
The adder bites you but does no damage.
You miss the adder.
The adder is almost dead.
* * * LOW HITPOINT WARNING * * *
You feel sick.
The frilled lizard bites you but does no damage.
The rat barely misses you. The adder bites you but does no damage.
You smack the adder!
You kill the adder!
* * * LOW HITPOINT WARNING * * *
You feel sick. The frilled lizard bites you.
* * * LOW HITPOINT WARNING * * *
The rat completely misses you.
You have reached level 3!
Your experience leads to an increase in your attributes!
Your base attributes are Str 14, Int 11, Dex 12.
Increase (S)trength, (I)ntelligence, or (D)exterity?
You feel stronger. x2; Your demonic ancestry asserts itself...
Sharp spines emerge from parts of your body.
You pummel the rat!!
You kill the rat!
* * * LOW HITPOINT WARNING * * *
You feel sick. The frilled lizard bites you.
You die...

#..........#
#..........+
#..........#
#..........#
#.$..?.....#
#..........# #
###...†.l....#.#
......†♣.......#
.....[...$..>#.
.!.......<#....#
#.##.......#.###
# #..####... #..
.#.# ##. .#.# #.
## #


You could see a frilled lizard.

Vanquished Creatures
  An adder (D:2)
  2 dart slugs (D:1)
  2 endoplasms (D:1)
  2 giant cockroaches (D:1)
  A goblin (D:1)
  4 hobgoblins (D:1)
  A quokka (D:1)
  3 ball pythons (D:1)
  4 frilled lizards (D:1)
  3 kobolds (D:1)
  A rat (D:2)
24 creatures vanquished.

Notes
Turn   | Place    | Note
-------+----------+-------------------------------------------
     0 | D:1      | sammy202020 the Demonspawn Shapeshifter began the quest for
                  | the Orb.
     0 | D:1      | Reached XP level 1. HP: 15/15 MP: 1/1
   175 | D:1      | Gained mutation: You may rarely emit foul miasma when
                  | damaged in melee. [demonic ancestry]
   175 | D:1      | Reached XP level 2. HP: 20/21 MP: 2/2
   243 | D:1      | Found Unkeumod's Distillery.
   279 | D:1      | Reached skill level 3 in Unarmed Combat
   912 | D:1      | Found a faded altar of an unknown god.
  1138 | D:2      | Gained mutation: You are dopey. (Int -2) [potion of
                  | mutation]
  1138 | D:2      | Gained mutation: Your muscles are strong. (Str +4, Int/Dex
                  | -1) [potion of mutation]
  1143 | D:2      | HP: 1/31 [frilled lizard (1)]
  1144 | D:2      | Gained mutation: You are partially covered in sharp spines.
                  | [demonic ancestry]
  1144 | D:2      | Reached XP level 3. HP: 2/27 MP: 3/3
  1144 | D:2      | Slain by a frilled lizard

Illustrated notes

Levels and vault maps discovered:
D:1:      onia_arrival_pyramid, layout_basic,
          ebering_ecumenical_altar_abandoned, serial_shops, shop
D:2:      layout_basic, kennysheep_minor_cross, uniq_natasha

Skill      XL: |  1  2 |
---------------+-------+-----
Unarmed Combat | 3 |  3.1
Dodging        | 2 |  2.0
Fighting       | |  1.7
Armour         | |  0.9
Shapeshifting  | |  2.8

Action                     || total
---------------------------++-------
  Melee: Unarmed           ||    83
         Punch             ||     1
    Use: Scroll            ||     3
         Potion            ||     2
 Armour: Animal skin       ||    10
         Leather armour    ||    35
         Skin              ||    13
  Dodge: Dodged            ||    37

Table legend: (Time is in decaauts)
 A = Elapsed time spent in this place.
 B = Non-inter-level travel time spent in this place.
 C = Inter-level travel time spent in this place.
 D = Time resting spent in this place.
 E = Time spent auto-exploring this place.
 F = Levels seen in this place.
 G = Mean time per level.
                   A        B        C        D        E       F      G
               +--------+--------+--------+--------+--------+-----+--------+
         Total |   1139 |   1106 |     33 |    276 |    631 |   2 |  569.5 |
       Dungeon |   1139 |   1106 |     33 |    276 |    631 |   2 |  569.5 |
               +--------+--------+--------+--------+--------+-----+--------+

Top non-repeatable levels by time:
     D:1: 1128 daAuts
     D:2: 11 daAuts
